 Dungeon Crawl Stone Soup version 0.31-a0-746-ge8284cb111 (webtiles) character file.

Game seed: 13933076067816178868

1869324 MacCMillion the Worldbinder (level 27, 105/108 HPs)
             Began as a Felid Summoner on Sept 13, 2023.
             Was the Champion of Jiyva.
             Escaped with the Orb
             ... and 4 runes on Sept 14, 2023!
             The game lasted 05:50:08 (109592 turns).

MacCMillion the Worldbinder (Felid Summoner)      Turns: 109592, Time: 05:50:09

Health: 105/108    AC: 20    Str:  2      XL:     27
Magic:  48/48      EV: 60    Int: 19 (24) God:    Jiyva [******]
Gold:   7595       SH:  0    Dex: 24      Spells: 10/66 levels left
                                        Lives:  2   Deaths: 6

rFire   + .          .
                       - Unarmed
rCold   + . .        (shield unavailable)
rNeg    . . .        (body armour unavailable)
rPois   ∞            (helmet unavailable)
rElec   +            (cloak unavailable)
rCorr   +            (gloves unavailable)
SInv    +            (boots unavailable)
Will    +++++        l - amulet "Wora" {RegenMP Fragile rC+ Will++ Dex+3}
Stlth   +            O - ring "Vourim" {rPois rF+ rCorr Str-2 Slay+3}
HPRegen 1.98/turn    s - ring of the Tortoise {AC+8}
MPRegen 1.21/turn

%: clarity
@: storm-form, flying, studying Dodging
A: cleaving, insubstantial, flying, very small, (claws 1), (fangs 3), see
invisible, (speed 1), (shaggy fur 3), (stealthy paws), no weapons or thrown
items, no armour, multi-lived, (antennae 3), (iridescent scales 2), clarity,
deterioration 1, frail 2, strong-willed 1, weak 1, (eyeballs 3), (gelatinous
body 1), no potion heal 1, MP-powered wands, (engulf)
0: Orb of Zot
}: 4/15 runes: decaying, slimy, silver, gossamer
a: Blinkbolt, Begin Untransformation, Renounce Religion, Oozemancy, Slimify


You escaped.
You worshipped Jiyva.
Jiyva was exalted by your worship.
You were a lightning-filled tempest!
You visited 13 branches of the dungeon, and saw 57 of its levels.

You collected 24634 gold pieces.
You spent 6710 gold pieces at shops.
You paid 10329 gold pieces to Gozag.

Inventory:

Jewellery
 a - the ring of Weivvu {rC+ Str+3 Dex+3}
   (You bought it in a shop on level 9 of the Dungeon)

   [ring of protection from cold]

   Str+3:     It affects your strength (+3).
   Dex+3:     It affects your dexterity (+3).
   rC+:       It protects you from cold.
 j - the amulet of the Slimy God {Reflect rN+ Regen+ Dex+5 SH+5}
   (You took it off a deep elf blademaster on level 3 of the Elven Halls)

   [amulet of reflection]

   Reflect:   It reflects blocked missile attacks.
   Dex+5:     It affects your dexterity (+5).
   rN+:       It protects you from negative energy.
   Regen+:    It increases your rate of health regeneration.
   SH+5:      It affects your SH (+5).
 l - the amulet "Wora" (around neck) {RegenMP Fragile rC+ Will++ Dex+3}
   (You took it off a deep elf master archer on level 3 of the Elven Halls)

   [amulet of magic regeneration]

   RegenMP:   It increases your rate of magic regeneration.
   Dex+3:     It affects your dexterity (+3).
   rC+:       It protects you from cold.
   Will++:    It greatly increases your willpower.
   Fragile:   It will be destroyed if unequipped.
 q - a ring of magical power
 s - the ring of the Tortoise (right paw) {AC+8}
   (You bought it in a shop on level 9 of the Dungeon)

   [ring of protection]

   AC+8:      It affects your AC (+8).
 u - the ring "Raing" {rN+ Slay+5 SInv}
   (You took it off a deep elf sorcerer on level 3 of the Elven Halls)

   [ring of see invisible]

   Slay+5:    It affects your accuracy & damage with ranged weapons and melee
   (+5).
   rN+:       It protects you from negative energy.
   SInv:      It lets you see invisible.
 z - a ring of protection from cold
 C - a ring of wizardry
 F - a ring of willpower
 G - a +6 ring of strength
 O - the ring "Vourim" (left paw) {rPois rF+ rCorr Str-2 Slay+3}
   (You bought it in a shop on level 9 of the Dungeon)

   [ring of protection from fire]

   Str-2:     It affects your strength (-2).
   Slay+3:    It affects your accuracy & damage with ranged weapons and melee
   (+3).
   rF+:       It protects you from fire.
   rPois:     It protects you from poison rCorr: It protects you from acid and
   corrosion.
 S - an amulet of regeneration
 U - the ring of Zace {rElec rPois rF- Will+ Int+6}
   (You bought it in a shop on level 9 of the Dungeon)

   [ring of intelligence]

   Int+6:     It affects your intelligence (+6).
   rF-:       It makes you vulnerable to fire.
   rElec:     It insulates you from electricity.
   rPois:     It protects you from poison Will+: It increases your willpower.
 W - a ring of protection from cold
Talismans
 b - a dragon-blood talisman
 d - a storm talisman (active)
Wands
 e - a wand of flame (69)
 h - a wand of mindburst (14)
 v - a wand of digging (13)
 y - a wand of quicksilver (37)
 B - a wand of polymorph (25)
 H - a wand of iceblast (24)
Scrolls
 f - 5 scrolls of blinking
 i - 6 scrolls of noise
 m - 4 scrolls of fog
 r - 5 scrolls of poison
 w - 13 scrolls of teleportation
 A - 14 scrolls of identify
 J - 2 scrolls of torment
 L - 8 scrolls of fear
 M - 9 scrolls of amnesia
 N - 5 scrolls of revelation
 Q - 6 scrolls of vulnerability
 T - a scroll of butterflies
 V - a scroll of immolation
 Z - 4 scrolls of silence
Potions
 c - 8 potions of attraction
 g - 4 potions of heal wounds
 k - 4 potions of brilliance
 n - 13 potions of curing
 o - 9 potions of might
 p - 3 potions of berserk rage
 t - 4 potions of ambrosia
 x - a potion of invisibility
 D - 4 potions of lignification
 E - 2 potions of mutation
 K - 8 potions of enlightenment
 P - 4 potions of cancellation
 R - 2 potions of resistance
 X - 2 potions of haste
 Y - 4 potions of magic


   Skills:
 - Level 21.0 Fighting
 - Level 21.0 Dodging
 - Level 2.8 Stealth
 - Level 15.0 Unarmed Combat
 - Level 20.0 Spellcasting
 - Level 16.0 Hexes
 + Level 25.3 Summonings
 - Level 15.0 Translocations
 - Level 4.0 Fire Magic
 - Level 5.0 Air Magic
 - Level 23.0 Shapeshifting


You had 10 spell levels left.
You knew the following spells:

 Your Spells              Type           Power      Damage    Failure   Level
a - Malign Gateway        Summ/Tloc      38%        N/A       1%          7
b - Summon Horrible Thin  Summ           43%        N/A       1%          8
c - Summon Guardian Gole  Hex/Summ       78%        N/A       0%          3
d - Summon Lightning Spi  Summ/Air       67%        N/A       1%          4
e - Summon Forest         Summ/Tloc      38%        N/A       1%          5
f - Inner Flame           Hex/Fire       54%        N/A       1%          3
g - Summon Cactus Giant   Summ           43%        N/A       0%          6
h - Summon Hydra          Summ           43%        N/A       1%          7
i - Enfeeble              Hex            34%        N/A       3%          7
j - Vhi's Electric Charg  Tloc/Air       100%       N/A       1%          4
m - Blink                 Tloc           100%       N/A       0%          2

Your spell library contained the following spells:

 Spells                   Type           Power      Damage    Failure   Level
 Slow                     Hex            100%       N/A       0%          1
 Summon Small Mammal      Summ           100%       N/A       0%          1
 Call Imp                 Summ           100%       N/A       0%          2
 Jinxbite                 Hex            100%       N/A       0%          2
 Lesser Beckoning         Tloc           100%       N/A       0%          2
 Call Canine Familiar     Summ           86%        N/A       0%          3
 Confusing Touch          Hex            68%        N/A       0%          3
 Summon Mana Viper        Hex/Summ       78%        N/A       0%          5
 Cigotuvi's Dreadful Rot  Necr/Pois/Air  50%        N/A       1%          2
 Ensorcelled Hibernation  Hex/Ice        98%        N/A       1%          2
 Momentum Strike          Conj/Tloc      94%        3d10      1%          2
 Scorch                   Fire           68%        2d7       1%          2
 Dazzling Flash           Conj/Hex       98%        N/A       1%          3
 Volatile Blastmotes      Fire/Tloc      100%       2d18      1%          3
 Anguish                  Hex/Necr       24%        N/A       1%          4
 Cause Fear               Hex            34%        N/A       1%          4
 Fulminant Prism          Conj/Hex       24%        3d12      1%          4
 Iskenderun's Mystic Bla  Conj/Tloc      47%        2d10      1%          4
 Manifold Assault         Tloc           66%        N/A       1%          4
 Passage of Golubria      Tloc           66%        N/A       1%          4
 Silence                  Hex/Air        28%        N/A       1%          5
 Kiss of Death            Conj/Necr      76%        2d11      2%          1
 Magic Dart               Conj           76%        1d6       2%          1
 Necrotise                Necr           76%        1d7       2%          1
 Sting                    Tmut/Pois      76%        1d6       2%          1
 Metabolic Englaciation   Hex/Ice        24%        N/A       2%          5
 Yara's Violent Unravell  Hex/Tmut       24%        3d11      2%          5
 Searing Ray              Conj           38%        2d5       4%          2
 Wereblood                Tmut           19%        N/A       4%          2
 Ignite Poison            Fire/Tmut/Pois 24%        N/A       4%          3
 Frozen Ramparts          Ice            38%        1d6       8%          3
 Hailstorm                Conj/Ice       19%        3d6       8%          3
 Vampiric Draining        Necr           19%        2d7       8%          3
 Dragon's Call            Summ           43%        N/A       9%          9
 Flame Wave               Conj/Fire      26%        2d8       12%         4
 Sticky Flame             Conj/Fire      26%        2d5       12%         4
 Haunt                    Necr/Summ      30%        N/A       13%         7
 Dispel Undead            Necr           19%        3d11      26%         4
 Petrify                  Tmut/Erth      19%        N/A       26%         4
 Arcjolt                  Conj/Air       14%        1d24      26%         5
 Fireball                 Conj/Fire      13%        3d7       32%         5
 Freezing Cloud           Conj/Ice/Air   12%        6-21      36%         5
 Agony                    Necr           19%        N/A       58%         5
 Alistair's Intoxication  Tmut/Pois      12%        N/A       58%         5
 Irradiate                Conj/Tmut      9%         3d14      58%         5
 Iskenderun's Battlesphe  Conj           19%        2d7       58%         5
 Conjure Ball Lightning   Conj/Air       14%        3x3d6     82%         6
 Orb of Destruction       Conj           9%         9d6       100%        7
 Borgnjor's Revivificati  Necr           9%         N/A       100%        8
 Lehudib's Crystal Spear  Conj/Erth      9%         10d4      100%        8
 Maxwell's Capacitive Co  Air            19%        ∞         100%        8
 Chain Lightning          Conj/Air       14%        3d18      100%        9
 Fire Storm               Conj/Fire      13%        8d3       100%        9
 Shatter                  Erth           9%         3d11*     100%        9
 Sublimation of Blood     Necr           Unusable   N/A       N/A         2

Dungeon Overview and Level Annotations

Branches:
Dungeon (15/15)            Temple (1/1) D:5            Lair (5/5) D:9
  Swamp (4/4) Lair:2       Spider (4/4) Lair:2        Slime (5/5) Lair:4
    Orc (2/2) D:10            Elf (3/3) Orc:2        Vaults (5/5) D:13
  Crypt (3/3) Vaults:3       Tomb (1/3) Crypt:3      Depths (4/4) D:15
    Zot (5/5) Depths:4

Altars:
Ashenzari
Cheibriados
Dithmenos
Elyvilon
Fedhas
Gozag
Hepliaklqana
Kikubaaqudgha
Makhleb
Nemelex Xobeh
Okawaru
Qazlal
Ru
Sif Muna
Trog
Uskayaw
Vehumet
Wu Jian
Xom
Yredelemnul
Zin
The Shining One
Jiyva

Shops:
D:7 *   D:9 =?:===:=   D:15 (   Orc:2 ?([:   Vaults:3 ([   Vaults:5 !?==
Depths:3 *[*

Portals:
Hell: Depths:1 Depths:2 Depths:3 Depths:4
Abyss: Swamp:2 Depths:1 Depths:3
Pandemonium: Depths:2 Depths:3
Ziggurat: Depths:3
Trove: D:12 (give 3 potions of resistance)

Annotations:
D:3 1 runed translucent door
D:7 1 runed translucent door, GreedOfGod's ghost, novice DsGl
D:11 1 runed translucent door, Opifex's ghost, journeyman MiSh
D:15 !efret
Swamp:2 2 transporters, Nyrphy's ghost, journeyman DsCj
Spider:3 2 transporters, lis82's ghost, adept DgAE
Slime:5 Royal Jelly
Zot:4 2 transporters


Innate Abilities, Weirdness & Mutations

You are a lightning-filled tempest!
Your electrical attacks strike out in all directions at once.
You are incredibly evasive.
Your insubstantial body is immune to petrification, constriction, and being set on fire You are flying.
You are immune to poison.
((You have sharp claws.))
((You have razor-sharp teeth.))
You have supernaturally acute eyesight. (SInv)
((You cover ground quickly. (Speed+)))
((Your thick and shaggy fur keeps you warm. (AC +3, rC+)))
((Your paws help you pounce on unaware monsters.))
You are incapable of wielding weapons or throwing items.
You cannot wear armour.
You gain extra lives every three experience levels.
((You have a pair of large antennae on your head. (SInv)))
((You are mostly covered in iridescent scales. (AC +4)))
You possess an exceptional clarity of mind.
Your body sometimes deteriorates upon taking damage.
You are very frail. (-20% HP)
You are strong-willed. (Will+)
You are weak. (Str -2)
((Your body is covered in eyes which may confuse attackers. (Acc +7, SInv)))
((Your rubbery body absorbs attacks. (AC +1, EV +1)))
Potions are less effective at restoring your health.
You expend magic power (3 MP) to strengthen your wands.
((Your melee attacks may engulf your foes in ooze.))


Message History

Your tentacled monstrosity constricts the Ice Fiend!
Your large abomination hits the Ice Fiend!!
The Ice Fiend dies!
You swap places.
You swap places.
Okay, then.
Unknown command.
There is an open door here.
Your tentacled monstrosity disappears in a puff of smoke!
Magic restored.
Things that are here:
2 stones; a +0 short sword
There is an open door here.
There is an open door here.
An Orb Guardian comes into view.
Casting: Summon Horrible Things (dangerous; 1% risk of failure)
Confirm with . or Enter, or press ? or * to list all spells.
You swap places.
Your large abomination barely misses the Orb Guardian.
There is an open door, spattered with blood here.
Your large abomination hits the Orb Guardian but does no damage.
The Orb Guardian hits your tentacled monstrosity!!
Your large abomination hits the Orb Guardian!
Your tentacled monstrosity tentacle-slaps the Orb Guardian!
Your tentacled monstrosity tentacle-slaps the Orb Guardian.
Your tentacled monstrosity closely misses the Orb Guardian.
Your tentacled monstrosity grabs the Orb Guardian.
Your tentacled monstrosity constricts the Orb Guardian.
You reach down and open the door.
The Orb Guardian hits your tentacled monstrosity.
Your large abomination hits the Orb Guardian!!
Your tentacled monstrosity tentacle-slaps the Orb Guardian.
Your tentacled monstrosity tentacle-slaps the Orb Guardian! x2
Your tentacled monstrosity constricts the Orb Guardian.
Your large abomination hits the Orb Guardian!!
The Orb Guardian dies!
There is an open door here.
There is a staircase leading out of the dungeon here.
There is a staircase leading out of the dungeon here.
You have escaped!

##.....## ##.
####.......## ##..
#.'.........# #...
#'##.......#####..
##.###.....###.###.
##...###...###...###
##.....###.###.....##
##.......##'##.......#
#....vXX..'.'.........
##....X..##'##.......#
##.....###.###.....##
##...###...###...###
##.###.....###.###.
#+##.......#####..
+.........# #...
##.......## ##..
##.....## ##.


You could see a friendly tentacled monstrosity (summoned) and 2 friendly large
abominations.

Vanquished Creatures
  A seraph (D:1)
  A dread lich (Zot:5)
  2 ancient liches
  Bai Suzhen (Spider:3)
  A Killer Klown (Zot:5)
  2 curse toes
  Nikola (Vaults:1)
  3 golden dragons
  A Brimstone Fiend (D:15)
  2 doom hounds (Zot:4)
  2 electric golems
  Zenata (Elf:2)
  6 tentacled monstrosities
  15 Orb Guardians
  3 liches
  A deep elf blademaster (Elf:3)
  3 quicksilver dragons
  A titan (Vaults:3)
  2 deep elf master archers (Elf:3)
  Grunn (Zot:4)
  3 sphinxes
  3 death cobs
  3 ancient champions (Crypt:3)
  7 shadow dragons
  8 storm dragons
  7 draconian monks
  6 fire giants
  A tengu reaver (Vaults:5)
  5 frost giants
  2 balrugs
  5 ghost moths
  4 deep elf sorcerers
  6 draconian knights
  4 draconian scorchers
  A deep elf elementalist (Elf:3)
  A caustic shrike zombie (Tomb:1)
  4 vault wardens
  2 draconian shifters
  An orc warlord (Orc:2)
  3 draconian annihilators
  2 draconian stormcallers (Zot:4)
  A curse skull (Crypt:2)
  11 ghouls
  9 stone giants
  2 ironbound preservers
  A war gargoyle (Vaults:3)
  A cacodemon (Depths:3)
  An ironbound thunderhulk (Vaults:1)
  A caustic shrike skeleton (Depths:3)
  A very ugly thing (Depths:3)
  2 black draconians
  An eleionoma (Swamp:4)
  6 green draconians
  4 deep elf annihilators (Elf:3)
  2 vampire knights
  A lorocyproca (D:7)
  4 red draconians
  2 deep elf demonologists (Elf:3)
  4 white draconians
  A spark wasp (Spider:1)
  5 purple draconians
  7 deep elf death magi
  2 eidola (Crypt:2)
  5 yellow draconians
  3 green deaths
  A crystal guardian (Vaults:1)
  3 mummy priests
  An entropy weaver (Spider:4)
  An elf zombie (Crypt:1)
  7 ettins
  A jiangshi (Crypt:1)
  A shambling mangrove (Swamp:4)
  2 spriggan zombies (Crypt:1)
  6 yaktaur captains
  2 fire dragons
  A great orb of eyes (Vaults:1)
  A deep elf high priest (Vaults:5)
  2 rakshasas
  A hydra (Elf:3)
  9 vault guards
  A hell beast (D:15)
  A boulder beetle (Vaults:2)
  3 ice dragons
  2 spriggan air magi (Depths:3)
  An alligator (Swamp:4)
  A sphinx zombie (Crypt:1)
  4 centaur warriors
  5 two-headed ogres
  An ironbound frostheart (Vaults:4)
  4 dancing weapons
  An azure jelly zombie (Crypt:3)
  A death yak (Lair:3)
  2 deep troll shamans
  5 demonic crawlers
  2 deep troll earth magi
  An orc high priest (Orc:2)
  A tengu warrior (Depths:3)
  2 vampire magi (Crypt:2)
  3 spriggan berserkers
  A hell knight (Depths:4)
  11 sun demons
  5 deep elf knights
  14 skeletal warriors
  A skyshark (Vaults:1)
  A pharaoh ant (Spider:1)
  5 iron trolls
  A spriggan druid (Swamp:3)
  9 deep trolls
  A shadow demon (Depths:4)
  A cherub (D:3)
  2 shadow wraiths (Crypt:3)
  3 flayed ghosts
  A phantasmal warrior (Crypt:3)
  A deep elf archer (Elf:2)
  2 lindwurms
  4 wizards
  A tengu zombie (Depths:1)
  A bog body (Swamp:1)
  3 ironbound convokers
  A harpy (Vaults:1)
  7 deep elf pyromancers
  3 necromancers
  2 wolf spiders
  6 deep elf zephyrmancers
  A cyclops (D:15)
  An orc knight (Vaults:5)
  3 ugly things
  2 tengu skeletons
  A salamander (Depths:1)
  2 manticores (Elf:3)
  16 moths of wrath
  A guardian serpent (Depths:3)
  An elephant (Lair:5)
  A stone giant skeleton (Crypt:1)
  2 vault sentinels
  A cane toad (Lair:5)
  2 orange demons
  A hellion (Depths:1)
  A komodo dragon (Lair:5)
  14 yaktaurs
  A purple draconian zombie (Crypt:1)
  A yaktaur (shapeshifter) (Elf:3)
  An ice devil (Depths:4)
  A harpy zombie (Crypt:3)
  A pale draconian skeleton (Crypt:1)
  A tengu conjurer (D:13)
  7 guardian mummies
  A minotaur skeleton (Crypt:2)
  A hellwing (Depths:4)
  A sea snake skeleton (Crypt:2)
  4 trolls (Zot:3)
  2 tyrant leeches
  3 tarantellas
  An ice dragon zombie (Crypt:1)
  2 slime creatures (Vaults:4)
  4 flying skulls (Tomb:1)
  2 jumping spiders
  3 wraiths
  5 culicivoras
  5 yaks
  A water elemental (Depths:3)
  An ushabti (Tomb:1)
  A fire elemental (Depths:2)
  2 swamp worm simulacra (Swamp:4)
  A chaos spawn (D:9)
  6 redbacks
  2 swamp worms
  A warg (Vaults:5)
  8 hydra simulacra (Swamp:4)
  3 hell hounds (Elf:3)
  2 naga skeletons (Tomb:1)
  2 orc warriors
  An ice beast (D:6)
  4 ogres
  A centaur (D:15)
  The ghost of greenbourne the Twirler, an amateur FoGl (D:3)
  A wyvern zombie (Crypt:3)
  A necrophage (Crypt:1)
  An earth elemental (Elf:2)
  A water moccasin zombie (Crypt:3)
  A troll zombie (Crypt:1)
  3 nameless horrors
  An electric eel (Spider:4)
  A crimson imp (Depths:1)
  A human zombie (Crypt:1)
  2 orc priests (Orc:2)
  2 orc wizards
  A killer bee zombie (Crypt:1)
  2 mummies (Tomb:1)
  An adder (D:3)
  An adder skeleton (Crypt:3)
  6 orcs
  2 bats (D:3)
  An endoplasm (D:4)
  A hobgoblin (D:1)
  A jackal (D:5)
  2 quokkas (D:3)
  A gnoll skeleton (Crypt:2)
  A snaplasher vine (Spider:2)
541 creatures vanquished.

Vanquished Creatures (collateral kills)
  3 ancient liches
  A dread lich (Zot:5)
  6 orbs of fire
  A Killer Klown (Zot:2)
  A profane servitor (Crypt:3)
  Xtahua (Vaults:3)
  A bone dragon (Crypt:3)
  8 golden dragons
  3 pandemonium lords
  Norris (Vaults:1)
  Arachne (Spider:2)
  2 electric golems
  11 tentacled monstrosities
  Jorgrun (Orc:1)
  A Hell Sentinel (Depths:1)
  2 deep elf blademasters
  An Ice Fiend (D:1)
  Asterion (Spider:3)
  16 Orb Guardians
  4 titans
  An acid blob (Lair:4)
  8 quicksilver dragons
  2 liches
  4 death cobs
  10 ancient champions
  12 sphinxes
  Agnes (Elf:1)
  2 thorn hunters
  8 shadow dragons
  Roxanne (D:15)
  9 tengu reavers
  Aizul (Swamp:2)
  10 draconian monks
  Donald (Elf:3)
  8 storm dragons
  13 fire giants
  2 revenants
  3 deep elf sorcerers
  7 frost giants
  A fenstrider witch (Swamp:2)
  4 ghost moths
  14 vault wardens
  2 draconian scorchers
  8 emperor scorpions
  An iron dragon (Vaults:5)
  4 deep elf elementalists (Elf:3)
  A draconian shifter (Zot:2)
  A curse skull (Crypt:3)
  3 draconian annihilators
  5 draconian stormcallers
  24 ironbound preservers
  2 orc warlords
  2 formless jellyfish
  8 ghouls
  A spriggan defender (Depths:3)
  16 stone giants
  A war gargoyle (Vaults:5)
  5 vampire knights
  8 green draconians
  8 ironbound thunderhulks
  A deep elf demonologist (Elf:3)
  2 eleionomae
  9 very ugly things
  8 black draconians
  Azrael (D:15)
  17 dire elephants
  12 yellow draconians
  8 deep elf annihilators
  6 spark wasps
  7 purple draconians
  6 bunyips
  11 white draconians
  5 red draconians
  4 crystal guardians
  An eidolon (Crypt:1)
  2 mummy priests
  5 deep elf death magi
  Snorg (D:10)
  A green death (D:1)
  4 jiangshi
  7 yaktaur captains
  11 ettins
  4 great orbs of eyes
  A shambling mangrove (Swamp:3)
  Josephine (D:14)
  4 entropy weavers
  9 fire dragons
  A quicksilver dragon skeleton (Depths:3)
  34 vault guards
  A salamander tyrant (Depths:4)
  A ghost crab (Swamp:3)
  4 deep elf high priests
  3 spriggan zombies
  15 hydras
  8 ice dragons
  8 ironbound frosthearts
  5 peacekeepers
  5 spriggan air magi
  2 rakshasas
  A jorogumo (shapeshifter) (Elf:3)
  2 hell beasts
  Erica (D:9)
  8 alligators
  11 centaur warriors
  5 boulder beetles
  2 death knights
  2 sphinx zombies (Depths:1)
  27 dancing weapons
  4 ogre magi
  20 two-headed ogres
  A fenstrider witch skeleton (Crypt:2)
  9 deep troll shamans
  3 vampire magi
  5 deep troll earth magi
  Urug (Orc:2)
  9 demonic crawlers
  6 tengu warriors
  2 death yaks (Lair:3)
  11 deep elf knights
  An emperor scorpion zombie (Crypt:1)
  Sonja (D:12)
  10 hell knights
  8 spriggan berserkers
  2 soul eaters
  A salamander mystic (Depths:4)
  A shadow wraith (Crypt:2)
  3 skysharks (Vaults:1)
  An iron giant zombie (Crypt:1)
  5 sun demons
  6 nameless horrors
  12 skeletal warriors
  2 sixfirhies
  6 goliath frogs
  2 flayed ghosts
  11 iron trolls
  4 spriggan druids
  6 pharaoh ants
  A cherub (D:1)
  12 ironbound convokers
  2 swamp dragons
  9 orb spiders
  3 bog bodies
  62 deep trolls
  11 deep elf archers
  4 orc knights
  4 steelbarb worms
  A glowing orange brain (Vaults:3)
  12 phantasmal warriors
  A golden dragon skeleton (Crypt:3)
  An iron giant skeleton (Crypt:3)
  3 harpies (Vaults:1)
  4 wizards
  7 lindwurms
  24 deep elf pyromancers
  A will-o-the-wisp (Swamp:1)
  12 wolf spiders
  4 necromancers
  A mana viper (shapeshifter) (Vaults:5)
  26 deep elf zephyrmancers
  A frost giant zombie (Vaults:1)
  An orc sorcerer (Vaults:5)
  15 ugly things
  3 cyclopes
  18 moths of wrath
  A cyclops (shapeshifter) (D:15)
  Maurice (D:9)
  6 salamanders (Depths:4)
  10 manticores
  A naga zombie (Crypt:1)
  2 dire elephant zombies
  5 black mambas
  23 vault sentinels
  14 elephants
  An elf zombie (Vaults:1)
  A guardian serpent (Depths:3)
  11 cane toads
  A torpor snail (Lair:5)
  4 kobold demonologists
  2 rime drakes
  Psyche (D:10)
  An unseen horror zombie (D:7)
  13 komodo dragons
  6 guardian mummies
  33 yaktaurs
  A red draconian zombie (Crypt:2)
  3 tengu conjurers
  An efreet (D:12)
  2 red devils
  5 freezing wraiths
  11 trolls
  A white draconian skeleton (Crypt:3)
  5 polar bears
  A harpy zombie (Crypt:1)
  26 hornets
  8 tyrant leeches
  19 tarantellas
  20 blink frogs
  13 dream sheep
  A stone giant simulacrum (Vaults:1)
  22 jumping spiders
  11 slime creatures
  A harpy skeleton (Crypt:3)
  5 flying skulls (Tomb:1)
  A fire dragon skeleton (Crypt:3)
  20 culicivoras
  A spriggan (shapeshifter) (D:15)
  A ynoxinul (Depths:3)
  36 spriggans
  2 water elementals
  A spriggan skeleton (Depths:1)
  32 yaks
  An air elemental (Elf:2)
  A human (shapeshifter) (D:15)
  4 ushabtiu (Crypt:3)
  3 vampires
  2 wyverns
  9 wraiths
  5 basilisks
  7 fire elementals
  A yaktaur simulacrum (Vaults:1)
  57 redbacks
  4 swamp worm simulacra (Swamp:4)
  A chaos spawn (Depths:1)
  A wind drake skeleton (Crypt:1)
  3 steam dragons
  13 vampire mosquitoes
  2 wargs (Orc:2)
  10 swamp worms
  A demonspawn zombie (Crypt:2)
  An acid dragon (D:11)
  8 hydra simulacra (Swamp:4)
  12 water moccasins
  4 hell hounds
  An orc zombie (Vaults:1)
  A meliai simulacrum (D:15)
  8 ice beasts
  20 orc warriors
  5 swamp drakes
  2 sky beasts
  2 black bears
  11 ogres
  22 wolves
  2 boggarts (Lair:5)
  9 centaurs
  A lindwurm skeleton (Crypt:2)
  2 phantoms
  A kobold brigand (D:9)
  5 necrophages
  A gnoll sergeant (D:5)
  19 bullfrogs
  6 earth elementals
  A komodo dragon skeleton (Crypt:2)
  A water moccasin skeleton (D:7)
  15 killer bees
  5 howler monkeys
  A hound (D:5)
  2 jellies (D:4)
  2 gnoll boudas
  15 orc priests
  2 sleepcaps
  Natasha (thrice) (D:4)
  An iguana (D:5)
  24 orc wizards
  6 hell rats (Lair:5)
  A spectral killer bee (D:7)
  A mummy (Tomb:1)
  7 gnolls
  11 adders
  A steam dragon zombie (Crypt:3)
  2 swamp drake simulacra (Swamp:4)
  A worm (D:4)
  A dart slug (D:2)
  67 orcs
  13 ball pythons
  4 bats
  9 endoplasms
  4 giant cockroaches
  9 goblins
  6 hobgoblins
  7 jackals
  18 kobolds
  9 quokkas
  A ball python zombie (Crypt:3)
  5 frilled lizards
  7 rats
  4 spectral weapons
1899 creatures vanquished.

Vanquished Creatures (others)
  An orb of fire (Zot:5)
  Margery (Vaults:5)
  A bone dragon (Depths:4)
  31 eldritch tentacles
  2 draconian knights (Zot:5)
  A vault warden (Vaults:5)
  2 red draconians
  A rakshasa (D:13)
  A great orb of eyes (Depths:1)
  2 hydras (Lair:3)
  Fannar (Orc:1)
  An anaconda (shapeshifter) (Depths:3)
  4 two-headed ogres
  An ogre mage (Vaults:5)
  A tengu warrior (D:14)
  2 death yaks (Lair:3)
  2 boulder beetles
  4 skeletal warriors (D:13)
  2 deep elf knights (Elf:2)
  3 spriggans
  A fire crab (shapeshifter) (Vaults:5)
  A deep troll (shapeshifter) (Vaults:5)
  3 deep elf zephyrmancers
  An orc sorcerer (Vaults:5)
  3 shining eyes (Depths:1)
  3 ugly things
  5 elephants
  A moth of wrath (Zot:4)
  A manticore (D:13)
  An eye of devastation (Depths:1)
  2 black mambas (Lair:1)
  A rust devil (Depths:3)
  A vault sentinel (Vaults:5)
  3 cane toads
  A torpor snail (Lair:3)
  3 kobold demonologists (D:10)
  2 bloated husks
  A polar bear (D:9)
  2 tyrant leeches
  4 hornets
  A tarantella (shapeshifter) (D:13)
  2 trolls
  2 tarantellas (Spider:3)
  4 blink frogs
  4 slime creatures
  A jumping spider (Spider:3)
  2 culicivoras
  A wraith (D:7)
  A wyvern (D:7)
  Eustachio (D:4)
  2 basilisks
  8 yaks
  A redback (Lair:2)
  3 vampire mosquitoes
  Menkaure (D:4)
  2 acid dragons
  2 swamp worms (Swamp:4)
  A water moccasin (D:4)
  9 orc warriors
  An ice beast (D:7)
  A boggart (Lair:5)
  7 wolves
  2 ogres
  2 killer bees
  198 jellies
  2 iguanas (D:5)
  4 orc wizards
  A centaur simulacrum (D:7)
  8 gnolls
  A worm (D:5)
  2 orcs
  A frilled lizard skeleton (Crypt:1)
  4 foxfires (Swamp:1)
  44 snaplasher vines
430 creatures vanquished.

Grand Total: 2870 creatures vanquished

Notes
Turn   | Place    | Note
-------+----------+-------------------------------------------
     0 | D:1      | MacCMillion the Felid Summoner began the quest for the Orb.
     0 | D:1      | Reached XP level 1. HP: 7/7 MP: 4/4
   124 | D:1      | Reached XP level 2. HP: 11/11 MP: 3/6
   446 | D:1      | Reached XP level 3. HP: 14/14 MP: 1/7
   450 | D:1      | Learned a level 3 spell: Call Canine Familiar
   576 | D:1      | Found a faded altar of an unknown god.
   914 | D:1      | You fall into a shaft and drop 1 floor!
  1079 | D:2      | Reached XP level 4. HP: 18/18 MP: 4/9
  1244 | D:2      | Reached skill level 5 in Summonings
  1258 | D:2      | Learned a level 3 spell: Summon Guardian Golem
  1328 | D:2      | Identified the +2 robe "Tastong" {rN+ rCorr Stlth+}
  1528 | D:3      | Reached skill level 1 in Hexes
  1559 | D:3      | Reached XP level 5. HP: 21/21 MP: 1/11
  1780 | D:3      | Found a runed translucent door.
  1786 | D:3      | Noticed a sky beast
  1832 | D:3      | Killed a sky beast
  2022 | D:3      | Noticed a black bear
  2044 | D:3      | Killed a black bear
  2045 | D:3      | Gained mutation: You are covered in thick fur. (AC +2)
                  | [Felid growth]
  2045 | D:3      | Reached XP level 6. HP: 25/25 MP: 3/13
  2207 | D:3      | Found a runed translucent door.
  2237 | D:3      | Noticed greenbourne's ghost (amateur FoGl)
  2287 | D:3      | Reached skill level 1 in Fighting
  3289 | D:4      | Noticed Eustachio
  3306 | D:4      | Killed Eustachio
  3307 | D:4      | Reached XP level 7. HP: 29/29 MP: 1/14
  3407 | D:4      | Reached skill level 6 in Summonings
  3648 | D:4      | Noticed Menkaure
  3659 | D:4      | Killed Menkaure
  4159 | D:4      | Reached skill level 5 in Hexes
  4285 | D:4      | Reached skill level 5 in Dodging
  4285 | D:4      | Reached skill level 5 in Spellcasting
  4285 | D:4      | Reached XP level 8. HP: 34/34 MP: 10/16
  4343 | D:4      | Learned a level 4 spell: Summon Lightning Spire
  4478 | D:4      | Noticed a nameless horror
  4781 | D:4      | Reached skill level 1 in Air Magic
  4920 | D:4      | Noticed Natasha
  4928 | D:4      | Killed Natasha
  5087 | D:4      | Noticed Natasha
  5125 | D:4      | Killed Natasha
  5332 | D:4      | Noticed Natasha
  5342 | D:4      | Killed Natasha
  5363 | D:5      | Entered Level 5 of the Dungeon
  5560 | D:5      | Found a staircase to the Ecumenical Temple.
  5589 | Temple   | Entered the Ecumenical Temple
  5606 | Temple   | Became a worshipper of Gozag Ym Sagoz the Greedy
  5851 | D:5      | Found a glowing golden altar of the Shining One.
  5851 | D:5      | Found a burning altar of Makhleb.
  6205 | D:5      | Found an iron altar of Okawaru.
  6453 | D:5      | Found a shimmering altar of Xom.
  6461 | D:5      | Found a snail-covered altar of Cheibriados.
  6462 | D:5      | Found a stormy altar of Qazlal.
  6872 | D:6      | Reached skill level 5 in Air Magic
  7219 | D:6      | Reached XP level 9. HP: 38/38 MP: 17/17
  7550 | D:6      | Found a basalt altar of Yredelemnul.
  7680 | D:7      | Noticed GreedOfGod's ghost (novice DsGl)
  7681 | D:7      | Found a runed translucent door.
  7756 | D:7      | Found Kaurchuven's General Store.
  7756 | D:7      | Noticed a troll
  7765 | D:7      | Killed a troll
  7766 | D:7      | Reached skill level 7 in Summonings
  7922 | D:7      | Bought a scroll of teleportation for 36 gold pieces
  8976 | D:7      | Reached skill level 8 in Summonings
  9243 | D:7      | Reached skill level 5 in Fighting
  9257 | D:7      | Reached XP level 10. HP: 44/44 MP: 15/20
  9291 | D:7      | Identified the +5 dagger of Qaasimm {pain, Fragile rPois
                  | rN++ Str+3 Stlth+}
  9690 | D:8      | Reached skill level 9 in Summonings
 10370 | D:8      | Noticed a two-headed ogre
 10387 | D:8      | Killed a two-headed ogre
 10820 | D:9      | Noticed Erica
 10985 | D:9      | Noticed Maurice
 11026 | D:9      | Killed Maurice
 11192 | D:9      | Reached skill level 10 in Summonings
 11371 | D:9      | Reached XP level 11. HP: 49/49 MP: 9/23
 11584 | D:9      | Found a staircase to the Lair.
 12026 | D:9      | Killed Erica
 12543 | D:10     | Entered Level 10 of the Dungeon
 12578 | D:10     | Noticed Snorg
 12673 | D:10     | Killed Snorg
 12967 | D:10     | Noticed Psyche
 12974 | D:10     | Killed Psyche
 12975 | D:10     | Reached skill level 10 in Dodging
 12998 | D:10     | Found a staircase to the Orcish Mines.
 13159 | D:10     | Noticed a sun demon
 13381 | D:10     | Noticed a two-headed ogre
 13403 | D:10     | Killed a two-headed ogre
 13413 | D:10     | Reached skill level 11 in Summonings
 13543 | D:10     | Found a bloodstained altar of Trog.
 13562 | D:10     | Found a blossoming altar of Fedhas.
 13895 | D:10     | Found an ancient bone altar of Kikubaaqudgha.
 13910 | D:10     | Found a hazy altar of Hepliaklqana.
 14619 | Lair:1   | Entered Level 1 of the Lair of Beasts
 15104 | Lair:1   | Gained mutation: Your thick and shaggy fur keeps you warm.
                  | (AC +3, rC+) [Felid growth]
 15104 | Lair:1   | Reached XP level 12. HP: 6/56 MP: 25/25
 15502 | Lair:1   | Identified the +10 mace "Kaecsis" {vamp, *Slow rC+++ MP+9
                  | Int+5}
 15528 | D:9      | Bought the Discursus on the Tesseract and the Salamander
                  | for 476 gold pieces
 15536 | D:9      | Learned a level 5 spell: Summon Forest
 15627 | Lair:1   | Reached skill level 1 in Translocations
 16587 | Lair:1   | Reached skill level 5 in Translocations
 17693 | D:9      | Bought a book of Misfortune for 540 gold pieces
 17697 | D:9      | Learned a level 3 spell: Inner Flame
 18097 | Lair:2   | Reached skill level 1 in Fire Magic
 18211 | Lair:2   | Found a staircase to the Swamp.
 18288 | Lair:2   | Found a hole to the Spider Nest.
 18754 | Lair:2   | Reached XP level 13. HP: 60/60 MP: 26/26
 19089 | Lair:3   | Reached skill level 12 in Summonings
 19183 | Lair:3   | Reached skill level 10 in Translocations
 19628 | Lair:3   | Reached skill level 10 in Hexes
 20127 | Lair:4   | Reached skill level 10 in Fighting
 20161 | Lair:4   | Identified 2 scrolls of acquirement
 20162 | Lair:4   | Acquired 1057 gold pieces
 20164 | Lair:4   | Acquired the Secrets of Assistive Transmutation
 21005 | Lair:4   | Found a runed translucent door.
 21005 | Lair:4   | Found a viscous altar of Jiyva.
 21239 | Lair:4   | Found a staircase to the Slime Pits.
 21240 | Lair:4   | Noticed an acid blob
 21283 | Lair:5   | Entered Level 5 of the Lair of Beasts
 21590 | Lair:5   | Reached XP level 14. HP: 66/66 MP: 27/27
 21802 | Lair:5   | Reached skill level 13 in Summonings
 22767 | Lair:5   | Reached skill level 15 in Dodging
 23673 | Orc:1    | Entered Level 1 of the Orcish Mines
 23765 | Orc:1    | Reached skill level 1 in Shapeshifting
 23766 | Orc:1    | Noticed Jorgrun
 23773 | Orc:1    | Killed Jorgrun
 24093 | Orc:1    | Noticed Fannar
 24125 | Orc:1    | Killed Fannar
 24521 | Orc:2    | Entered Level 2 of the Orcish Mines
 24550 | Orc:2    | Noticed Urug
 24563 | Orc:2    | Killed Urug
 24636 | Orc:2    | Found a staircase to the Elven Halls.
 24862 | Orc:2    | Noticed an orc warlord
 24898 | Orc:2    | Reached skill level 5 in Shapeshifting
 24923 | Orc:2    | Killed an orc warlord
 25640 | Orc:2    | Found Acwohuiw's Antique Weapon Shoppe.
 25644 | Orc:2    | Found Bijil's Antique Armour Emporium.
 25757 | Orc:2    | Found Donaxer's Book Boutique.
 25954 | Orc:2    | Found Weruri's Magic Scroll Shoppe.
 25959 | Orc:2    | Bought a scroll of amnesia for 52 gold pieces
 26065 | Orc:2    | Bought a scroll of revelation for 97 gold pieces
 26560 | D:11     | Reached XP level 15. HP: 34/72 MP: 28/28
 27074 | D:11     | Found a runed translucent door.
 27074 | D:11     | Found a shimmering altar of Xom.
 27074 | D:11     | Noticed Opifex's ghost (journeyman MiSh)
 28664 | D:12     | Noticed Sonja
 28683 | D:12     | Killed Sonja
 29268 | D:9      | Bought the ring of Weivvu {rC+ Str+3 Dex+3} for 847 gold
                  | pieces
 30102 | D:12     | Found a portal to a secret trove of treasure.
 30508 | D:13     | Reached skill level 10 in Shapeshifting
 30658 | D:13     | Shot with an arrow by a centaur warrior
 31067 | D:13     | Found a gate to the Vaults.
 32148 | D:14     | Found an opulent altar of Gozag.
 32191 | D:14     | Noticed Josephine
 32207 | D:14     | Killed Josephine
 33948 | D:15     | Entered Level 15 of the Dungeon
 34274 | D:15     | Noticed Roxanne
 34415 | D:15     | Found Guimik's Weapon Shop.
 35123 | D:15     | Found a staircase to the Depths.
 35174 | D:15     | Killed from afar by a fire dragon
 36054 | D:15     | Noticed Azrael
 36280 | D:15     | Reached XP level 16. HP: 57/76 MP: 29/29
 36887 | Lair:2   | Learned a level 6 spell: Summon Cactus Giant
 36957 | D:9      | Bought the ring of the Tortoise {AC+8} for 2432 gold pieces
 36957 | D:9      | Found the ring of the Tortoise {AC+8}
 37059 | Lair:2   | Learned a level 7 spell: Summon Hydra
 37060 | Swamp:1  | Entered Level 1 of the Swamp
 39037 | Swamp:2  | Acquired 910 gold pieces
 39046 | Swamp:2  | Acquired 912 gold pieces
 39057 | Swamp:2  | Found a one-way gate to the infinite horrors of the Abyss.
 39057 | Swamp:2  | Noticed Nyrphy's ghost (journeyman DsCj)
 39072 | Swamp:2  | Found a transporter.
 39245 | Swamp:2  | Reached skill level 15 in Shapeshifting
 39653 | Swamp:2  | Found a transporter.
 39679 | Swamp:2  | Noticed a thorn hunter
 39694 | Swamp:2  | Killed a thorn hunter
 39695 | Swamp:2  | Reached skill level 14 in Summonings
 39804 | Swamp:2  | Noticed Aizul
 39817 | Swamp:2  | Killed Aizul
 39941 | Swamp:2  | Noticed an Executioner
 41780 | Swamp:4  | Entered Level 4 of the Swamp
 42131 | Swamp:4  | HP: 2/114 [seven-headed hydra simulacrum (52)]
 42132 | Swamp:4  | Demolished by a four-headed hydra simulacrum
 42421 | Swamp:4  | Reached XP level 17. HP: 79/79 MP: 12/31
 45079 | Swamp:4  | Got a decaying rune of Zot
 45303 | Spider:1 | Entered Level 1 of the Spider Nest
 46475 | Spider:1 | Reached skill level 15 in Summonings
 47468 | Spider:2 | Reached skill level 10 in Spellcasting
 47552 | Spider:2 | Noticed Arachne
 47971 | Spider:2 | Killed Arachne
 48565 | Spider:3 | Noticed Bai Suzhen
 49291 | Spider:3 | Noticed Asterion
 49299 | Spider:3 | Killed Asterion
 49896 | Spider:3 | HP: 7/184 [eight-headed hydra[Bai Suzhen] (6)]
 49897 | Spider:3 | Slain by an emperor scorpion
 51038 | Spider:3 | Found a transporter.
 51039 | Spider:3 | Noticed lis82's ghost (adept DgAE)
 51040 | Spider:3 | Found a transporter.
 51079 | Spider:3 | Killed Bai Suzhen
 51899 | Spider:4 | Entered Level 4 of the Spider Nest
 52136 | Spider:4 | Learned a level 7 spell: Malign Gateway
 52163 | Spider:4 | Reached XP level 18. HP: 87/87 MP: 13/33
 52683 | Spider:4 | Reached skill level 16 in Summonings
 53833 | Spider:4 | Got a gossamer rune of Zot
 53901 | Spider:4 | Learned a level 2 spell: Blink
 54168 | Elf:1    | Entered Level 1 of the Elven Halls
 55269 | Elf:1    | Noticed Agnes
 55279 | Elf:1    | Killed Agnes
 57438 | Elf:1    | Identified the amulet of the Sky {Faith SInv}
 58121 | D:12     | Found a portal to a secret trove of treasure.
 59009 | D:15     | Killed Azrael
 59086 | D:15     | Found Guimik's Weapon Shop.
 59203 | D:15     | Found a staircase to the Depths.
 59851 | D:15     | Killed Roxanne
 60060 | Vaults:1 | Entered Level 1 of the Vaults
 60894 | Vaults:1 | Reached XP level 19. HP: 92/92 MP: 14/34
 61649 | Vaults:1 | Reached skill level 15 in Fighting
 62497 | Vaults:1 | Reached skill level 17 in Summonings
 62875 | Vaults:1 | Noticed Norris
 62923 | Vaults:1 | Killed Norris
 63443 | Vaults:1 | Noticed Nikola
 63785 | Vaults:1 | Killed Nikola
 65162 | Vaults:2 | Reached skill level 15 in Translocations
 65717 | Vaults:2 | Identified the +2 pair of gloves of Gosmasche {rCorr Str-3
                  | Int+4}
 65986 | Vaults:2 | Reached XP level 20. HP: 97/97 MP: 11/37
 66382 | Vaults:3 | Reached skill level 18 in Summonings
 66729 | Vaults:3 | Found a staircase to the Crypt.
 66885 | Vaults:3 | Noticed Xtahua
 66898 | Vaults:3 | Killed Xtahua
 66994 | Vaults:3 | Found Upenyu's Weapon Emporium.
 67851 | Vaults:3 | Found Zolel's Antique Armour Shoppe.
 71385 | Vaults:4 | HP: 5/145 [tengu reaver/bolt of cold (39)]
 71387 | Vaults:4 | Killed from afar by a tengu reaver
 72018 | Vaults:4 | HP: 3/142 [barbs]
 72020 | Vaults:4 | Succumbed to barbed spike wounds
 72321 | Vaults:3 | Upgraded the game from 0.31-a0-744-gbc345e7fcb to
                  | 0.31-a0-746-ge8284cb111
 72571 | Vaults:4 | Reached XP level 21. HP: 100/100 MP: 39/39
 74206 | D:9      | Bought the amulet "Ruvariof" {Acrobat Will+ Str+2 Slay+2
                  | Stlth-} for 1022 gold pieces
 74442 | Elf:2    | Found a runed translucent gate.
 74443 | Elf:2    | Found a runed translucent gate.
 75130 | Elf:2    | Paralysed by an air elemental for 1 turns
 75811 | Elf:2    | Found a runed translucent gate.
 75864 | Elf:2    | Noticed Zenata
 75875 | Elf:2    | Killed Zenata
 76652 | Elf:2    | HP: 3/150 [+2 mace of protection (7)]
 78923 | Elf:3    | Entered Level 3 of the Elven Halls
 81803 | Elf:3    | Identified the +3 kite shield of Cynies {rElec rF+ Dex-4}
 81803 | Elf:3    | Noticed Donald
 81854 | Elf:3    | Killed Donald
 83546 | Elf:3    | Identified the +4 scale mail of Wocrat {rElec}
 83546 | Elf:3    | Identified the amulet of the Slimy God {Reflect rN+ Regen+
                  | Dex+5 SH+5}
 83893 | Elf:3    | Identified the amulet "Wora" {RegenMP Fragile rC+ Will++
                  | Dex+3}
 84135 | Elf:3    | Identified the +6 halberd "Gud Ompe" {pain, rPois}
 84135 | Elf:3    | Identified the ring "Raing" {rN+ Slay+5 SInv}
 85050 | Elf:3    | Identified the +3 long sword of the Lame Duck {flame, rF+}
 85189 | Elf:3    | Reached XP level 22. HP: 38/105 MP: 33/40
 86068 | Elf:3    | Identified the +3 pair of boots of Bedazzled Liberty
                  | {Int+3}
 86642 | Lair:4   | Reached XP level 23. HP: 108/108 MP: 40/42
 86759 | D:9      | Bought a scroll of amnesia for 76 gold pieces
 86809 | D:9      | Bought the ring of Zace {rElec rPois rF- Will+ Int+6} for
                  | 580 gold pieces
 86817 | D:9      | Bought the ring "Vourim" {rPois rF+ rCorr Str-2 Slay+3} for
                  | 552 gold pieces
 86914 | Lair:4   | Fell from the grace of Gozag
 86914 | Lair:4   | Became a worshipper of Jiyva Jaoskek the Shapeless
 87344 | Crypt:1  | Entered Level 1 of the Crypt
 87889 | Crypt:1  | Reached skill level 19 in Summonings
 88946 | Crypt:1  | Found a basalt altar of Yredelemnul.
 90025 | Crypt:2  | Reached * piety under Jiyva
 90533 | Crypt:3  | Entered Level 3 of the Crypt
 91290 | Crypt:3  | Found a staircase to the Tomb.
 91624 | Crypt:3  | Reached skill level 15 in Spellcasting
 92350 | Crypt:3  | Found an ancient bone altar of Kikubaaqudgha.
 92354 | Crypt:3  | Found a basalt altar of Yredelemnul.
 92376 | Crypt:3  | Reached ** piety under Jiyva
 92585 | Tomb:1   | Entered Level 1 of the Tomb of the Ancients
 92714 | Tomb:1   | Reached XP level 24. HP: 64/114 MP: 30/43
 92874 | Tomb:1   | Reached *** piety under Jiyva
 93392 | Depths:1 | Entered Level 1 of the Depths
 93550 | Depths:1 | Learned a level 8 spell: Summon Horrible Things
 93589 | Depths:1 | Gained mutation: You expend magic power (3 MP) to
                  | strengthen your wands. [Jiyva's grace]
 93589 | Depths:1 | Gained mutation: Your rubbery body absorbs attacks. (AC +1,
                  | EV +1) [Jiyva's grace]
 93589 | Depths:1 | Gained mutation: Your pliable body absorbs attacks. (AC +2,
                  | EV +2) [Jiyva's grace]
 93589 | Depths:1 | Gained mutation: Your gelatinous body deflects attacks. (AC
                  | +3, EV +3) [Jiyva's grace]
 93617 | Depths:1 | Reached skill level 20 in Summonings
 93691 | Depths:1 | Found a gateway to Hell.
 93877 | Depths:1 | Reached **** piety under Jiyva
 94175 | Depths:1 | Found a shadowy altar of Dithmenos.
 94676 | Depths:1 | Reached skill level 21 in Summonings
 95773 | Depths:2 | You are sucked into a shaft and drop 2 floors!
 95773 | Depths:4 | Entered Level 4 of the Depths
 95797 | Depths:4 | Found a gate to the Realm of Zot.
 95842 | Depths:4 | Reached ***** piety under Jiyva
 95898 | Depths:4 | Reached skill level 22 in Summonings
 95898 | Depths:4 | Reached skill level 1 in Unarmed Combat
 95976 | Depths:3 | Found Gozag's Assorted Antiques.
 95991 | Depths:3 | Found an opulent altar of Gozag.
 95991 | Depths:3 | Found Gozag's Antique Armour Shoppe.
 96032 | Depths:3 | Found Gozag's Assorted Antiques.
 96375 | Depths:3 | Found a one-way gateway to a ziggurat.
 96375 | Depths:3 | Lost mutation: Your gelatinous body deflects attacks. (AC
                  | +3, EV +3) [Jiyva's grace]
 96375 | Depths:3 | Lost mutation: Your pliable body absorbs attacks. (AC +2,
                  | EV +2) [Jiyva's grace]
 96375 | Depths:3 | Gained mutation: You are strong-willed. (Will+) [Jiyva's
                  | grace]
 96375 | Depths:3 | Gained mutation: You are highly strong-willed. (Will++)
                  | [Jiyva's grace]
 96375 | Depths:3 | Gained mutation: You are extremely strong-willed. (Will+++)
                  | [Jiyva's grace]
 96375 | Depths:3 | Gained mutation: Your mind is acute. (Int +4, Str/Dex -1)
                  | [Jiyva's grace]
 96643 | Depths:3 | Found a one-way gate leading to the halls of Pandemonium.
 96689 | Depths:3 | Reached XP level 25. HP: 67/120 MP: 32/43
 96696 | Depths:3 | Was forgiven by Gozag
 97030 | Depths:2 | HP: 6/120 [fire giant/+1 great sword of flaming (13)]
 97720 | Depths:4 | Reached skill level 5 in Unarmed Combat
 98932 | Vaults:4 | Identified the amulet of the Lizard {Acrobat Str+3}
 99101 | Vaults:5 | Entered Level 5 of the Vaults
 99110 | Vaults:5 | Found Piucos's Jewellery Shoppe.
 99236 | Vaults:5 | Noticed an ancient lich
 99252 | Vaults:5 | Killed an ancient lich
 99389 | Vaults:5 | Reached skill level 23 in Summonings
 99547 | Vaults:5 | Identified the +8 sling "Ogre's Bane" {heavy, Int+3 SInv}
 99576 | Vaults:5 | Found Merch's Jewellery Boutique.
 99584 | Vaults:5 | Found Vonasuugo's Magic Scroll Shop.
 99588 | Vaults:5 | Found Tyqal's Distillery.
 99623 | Vaults:5 | Reached ****** piety under Jiyva
 99737 | Vaults:5 | Noticed Margery
 99746 | Vaults:5 | Killed Margery
 99815 | Vaults:5 | Found the +3 greatsling "Punk" {acid, rCorr}
 99829 | Vaults:5 | Got a silver rune of Zot
100150 | Vaults:5 | Reached XP level 26. HP: 126/126 MP: 45/45
100207 | Vaults:5 | Learned a level 7 spell: Enfeeble
100318 | Vaults:5 | Identified the ring "Qasis" {rF- rC+ Will+ Str+3 Stlth+}
100994 | Slime:1  | Entered Level 1 of the Pits of Slime
101085 | Slime:5  | Entered Level 5 of the Pits of Slime
101097 | Slime:5  | Got the Secrets of Teratogeny and the Blizzard
101110 | Slime:5  | Found a viscous altar of Jiyva.
101114 | Slime:5  | Got the Precepts of Dark Secrets and the Welkin
101120 | Slime:5  | Found the +16 obsidian axe {drain, demonic, Mesm Drain Fly
                  | SInv}
101134 | Slime:5  | Got the Atlas of Distorted Malisons
101136 | Slime:5  | Got a slimy rune of Zot
101226 | Slime:5  | Noticed the Royal Jelly
101373 | Slime:5  | Learned a level 4 spell: Vhi's Electric Charge
101896 | Zot:1    | Entered Level 1 of the Realm of Zot
102124 | Zot:1    | Lost mutation: You are extremely strong-willed. (Will+++)
                  | [Jiyva's grace]
102124 | Zot:1    | Gained mutation: You possess an exceptional clarity of
                  | mind. [Jiyva's grace]
102124 | Zot:1    | Gained mutation: Your melee attacks may engulf your foes in
                  | ooze. [Jiyva's grace]
102124 | Zot:1    | Gained mutation: You are partially covered in iridescent
                  | scales. (AC +2) [Jiyva's grace]
102124 | Zot:1    | Gained mutation: You are mostly covered in iridescent
                  | scales. (AC +4) [Jiyva's grace]
103020 | Zot:2    | Reached skill level 10 in Unarmed Combat
103225 | Zot:2    | Reached skill level 15 in Hexes
103937 | Zot:3    | Lost mutation: You are mostly covered in iridescent scales.
                  | (AC +4) [Jiyva's grace]
103937 | Zot:3    | Lost mutation: Your mind is acute. (Int +4, Str/Dex -1)
                  | [Jiyva's grace]
103937 | Zot:3    | Gained mutation: Your body has grown eyes which may confuse
                  | attackers. (Acc +3) [Jiyva's grace]
103937 | Zot:3    | Gained mutation: Your body has grown many eyes which may
                  | confuse attackers. (Acc +5) [Jiyva's grace]
103937 | Zot:3    | Gained mutation: Your body is covered in eyes which may
                  | confuse attackers. (Acc +7, SInv) [Jiyva's grace]
103937 | Zot:3    | Gained mutation: Armour fits poorly on your pseudopods.
                  | [Jiyva's grace]
104597 | Zot:3    | You are sucked into a shaft and drop 1 floor!
104621 | Zot:4    | Reached XP level 27. HP: 132/134 MP: 46/46
104624 | Zot:4    | Found a transporter.
105260 | Zot:4    | Noticed Grunn
105271 | Zot:4    | Killed Grunn
105754 | Zot:4    | Found a transporter.
105917 | Zot:5    | Entered Level 5 of the Realm of Zot
106557 | Zot:5    | Noticed an ancient lich
106565 | Zot:5    | Killed an ancient lich
106568 | Zot:5    | Noticed a dread lich
106584 | Zot:5    | Killed a dread lich
106656 | Zot:5    | Noticed an orb of fire
106658 | Zot:5    | Noticed an ancient lich
106666 | Zot:5    | Noticed an orb of fire
106670 | Zot:5    | Noticed a dread lich
106677 | Zot:5    | Killed an ancient lich
106690 | Zot:5    | Noticed an orb of fire
106691 | Zot:5    | Killed an orb of fire
106841 | Zot:5    | Lost mutation: You are highly strong-willed. (Will++)
                  | [Jiyva's grace]
106841 | Zot:5    | Lost mutation: Armour fits poorly on your pseudopods.
                  | [Jiyva's grace]
106841 | Zot:5    | Gained mutation: You have a pair of small antennae on your
                  | head. [Jiyva's grace]
106841 | Zot:5    | Gained mutation: You have a pair of antennae on your head.
                  | [Jiyva's grace]
106841 | Zot:5    | Gained mutation: You have a pair of large antennae on your
                  | head. (SInv) [Jiyva's grace]
106841 | Zot:5    | Gained mutation: You are mostly covered in iridescent
                  | scales. (AC +4) [Jiyva's grace]
106959 | Zot:5    | Gained mutation: You are frail. (-10% HP) [an orb of fire]
106979 | Zot:5    | Killed an orb of fire
106990 | Zot:5    | Noticed an ancient lich
107002 | Zot:5    | Killed an ancient lich
107072 | Zot:5    | Reached skill level 15 in Unarmed Combat
107081 | Zot:5    | Noticed an orb of fire
107083 | Zot:5    | Noticed an orb of fire
107093 | Zot:5    | Killed an orb of fire
107097 | Zot:5    | Killed an orb of fire
107146 | Zot:5    | Noticed an orb of fire
107162 | Zot:5    | Gained mutation: You are weak. (Str -2) [an orb of fire]
107164 | Zot:5    | Gained mutation: You are very frail. (-20% HP) [an orb of
                  | fire]
107164 | Zot:5    | Killed a dread lich
107186 | Zot:5    | Noticed an orb of fire
107190 | Zot:5    | Gained mutation: Potions are less effective at restoring
                  | your health. [an orb of fire]
107209 | Zot:4    | Gained mutation: Your body sometimes deteriorates upon
                  | taking damage. [an orb of fire]
107213 | Zot:4    | Killed an orb of fire
107794 | Zot:5    | Killed an orb of fire
108057 | Zot:5    | Killed an orb of fire
108058 | Zot:5    | Reached skill level 24 in Summonings
108462 | Zot:5    | Got the Orb of Zot
108762 | Depths:4 | Noticed Tougarr the pandemonium lord
108861 | Depths:1 | Noticed Iheykley the pandemonium lord
108895 | Depths:1 | Killed Iheykley the pandemonium lord
109060 | D:13     | Noticed Riyxeint the pandemonium lord
109071 | D:13     | Killed Riyxeint the pandemonium lord
109417 | D:3      | Killed greenbourne's ghost
109479 | D:1      | Noticed Ituoten the pandemonium lord
109479 | D:1      | Noticed an ancient lich
109482 | D:1      | Killed an ancient lich
109483 | D:1      | Reached skill level 25 in Summonings
109498 | D:1      | Killed Ituoten the pandemonium lord
109517 | D:1      | Noticed a seraph
109534 | D:1      | Killed a seraph
109592 | D:$      | Escaped with the Orb!

Illustrated notes

Levels and vault maps discovered:
D:1:      elethiomel_arrival_diamonds, layout_basic,
          shapermc_ecumenical_altar_mp_highgroup
D:2:      layout_basic
D:3:      minmay_bubble_buster, layout_basic, serial_curves, eino_curves_01,
          eino_curves_04, ebering_ghost_sewer_f, minmay_vboxes
D:4:      layout_basic, uniq_menkaure, uniq_natasha, uniq_eustachio
D:5:      layout_loops_corners, nicolae_overflow_hidden_temple,
          mainiacjoe_overflow_brackets, minmay_temple_entry_gardened_gates
D:6:      layout_cave_pods, kennysheep_mini_moat,
          nicolae_elevator_lobby_asterisk
D:7:      layout_loops_ring, hellmonk_ghost_happy_afterlife, serial_shops,
          nicolae_stop_n_shop_1, dilly_guarded_unrand_morg
D:8:      layout_basic, minmay_crossroads
D:9:      layout_cave_pods, hellmonk_lair_entry_icy, due_unseen_surprise,
          uniq_erica, uniq_maurice
D:10:     layout_long_grid, nicolae_overflow_quartered_altars, orc_0_dummy,
          minmay_misc_feat_rugged, uniq_snorg, uniq_psyche
D:11:     layout_basic, ebering_ghost_xom
D:12:     layout_irregular_city, trove_entry_hex_spiral, uniq_sonja
D:13:     layout_basic, erik_vaults_2
D:14:     layout_irregular_city, nicolae_gozag_seed_capital, uniq_josephine
D:15:     grunt_enter_depths_hoard, layout_cave_pods, minmay_misc_feat_square,
          serial_shops, nicolae_shop_back_alley_shop, minmay_puff, uniq_azrael,
          uniq_roxanne
Temple:   nicolae_temple_ecumenical_triangle
Lair:1:   layout_regular_city, minivault_27, grunt_megastairs_4
Lair:2:   layout_gridlike, minmay_swamp_entry_worms,
          nicolae_spider_entry_tight_spaces, st_stairs_9, grunt_megastairs_1
Lair:3:   layout_loops_ring
Lair:4:   layout_gridlike, slime_entry_2
Lair:5:   minmay_lair_end_enchanted_forest, layout_hall_layers, st_stairs_11,
          lemuel_fruit_tree
Swamp:1:  layout_falls_marsh, evilmike_swamp_ruin_house_1
Swamp:2:  layout_basic_swamp, gammafunk_ghost_abyssal_escape, serial_swamp_ruin,
          evilmike_swamp_ruin_house_5, evilmike_swamp_ruin_rubble_2,
          evilmike_swamp_ruin_house_2, uniq_aizul
Swamp:3:  layout_basic_swamp, evilmike_swamp_ruin_house_6,
          nicolae_swamp_well_well_well, infiniplex_staircase_pool
Swamp:4:  swamp_icy, layout_basic_swamp
Spider:1: cheibrodos_forgotten_conduit
Spider:2: layout_spider_delve, drop_trap, uniq_arachne
Spider:3: layout_spider_delve, gammafunk_ghost_arena, uniq_bai_suzhen,
          uniq_asterion
Spider:4: grunt_spider_rune_circles
Slime:1:  layout_caves
Slime:2:  layout_caves, basic_altar
Slime:3:  layout_caves
Slime:4:  layout_caves, cheibrodos_slime_lost_civilization_5
Slime:5:  slime_pit_nicolae_jellycorners
Orc:1:    layout_diamond_mine, uniq_jorgrun, uniq_fannar
Orc:2:    grunt_orc_community_town_hall, layout_caves,
          grunt_orc_community_big_house_2, grunt_orc_community_big_house_2,
          grunt_orc_community_house_1, grunt_orc_community_house_3,
          grunt_orc_community_house_2, grunt_orc_community_house_3,
          grunt_orc_community_house_2, mines2_lemuel, uniq_urug
Elf:1:    eino_elf_arrival_customs, layout_loops_cross,
          kennysheep_underground_church, uniq_agnes
Elf:2:    elven_hall_of_blades_hangedman_original
          [nicolae_blade_entry_diamond_columns], layout_loops_corners,
          uniq_zenata
Elf:3:    elf_hall, layout_loops_cross, special_room
          [special_room_mythical_zoo], grunt_megastairs_3, uniq_donald
Vaults:1: infiniplex_enter_wizlab_glasses, nicolae_vaults_storage_closets_1,
          grunt_vaults_funnel, hangedman_vaults_hat,
          nicolae_vaults_three_branches, hangedman_vaults_slice,
          nicolae_vaults_network_barrier, nicolae_vaults_security_offices_3,
          vaults_room_ringed_pool, v_alt_pattern_1,
          nicolae_vaults_ring_of_whatevers, nicolae_vaults_trapezoid_1,
          layout_vaults_omnibox, uniq_norris, uniq_nikola
Vaults:2: vaults_mumra_minichess, nicolae_vaults_specimen_jars,
          hangedman_vaults_capsules, hangedman_vaults_restitches,
          nicolae_vaults_rhombus_5, vaults_dpeg_cross, v_misc_22,
          nicolae_vaults_ring_of_whatevers, nicolae_vaults_tetromino_L_1,
          nicolae_vaults_oval_intersection, v_misc_8,
          grunt_vaults_hallway_short, nicolae_vaults_six-pack,
          layout_vaults_omnigrid
Vaults:3: nicolae_vaults_tetromino_Z_2, v_misc_25, hangedman_vaults_trim,
          nicolae_vaults_offset_grid_hallway_1,
          nicolae_vaults_ring_of_whatevers, nicolae_vaults_frosty_reception,
          nicolae_vaults_little_squares_2, minmay_crypt_entry_simple_statues,
          nicolae_vaults_taking_the_gang_shopping, nicolae_vaults_double_plus_1,
          layout_vaults_chaotic_city, serial_shops, shop, uniq_xtahua
Vaults:4: v_alt_pattern_3, dpeg_vaults_pockets_of_resistance, v_alt_pattern_4,
          v_rooms_5, v_misc_10, nicolae_vaults_heist, v_rooms_5, v_misc_5,
          nicolae_vaults_house_2, nicolae_vaults_network_quinsquares
          [nicolae_vaults_network_quincunx_subvault,
          nicolae_vaults_network_quincunx_subvault,
          nicolae_vaults_network_quincunx_subvault,
          nicolae_vaults_network_quincunx_subvault], vaults_dpeg_spiral,
          nicolae_vaults_ring_of_whatevers, nicolae_vaults_trapezoid_1,
          nicolae_vaults_diamond_1, layout_vaults_ring
Vaults:5: serial_shops, uniq_margery
Crypt:1:  layout_misc_corridors, amcnicky_mini_pool_small,
          minmay_misc_feat_alley, lemuel_mausoleum_altar_yredelemnul,
          grunt_crypt_arrival_split
Crypt:2:  layout_rooms, nicolae_crypt_statuary_hall
Crypt:3:  lightli_unholy_cathedral, layout_chaotic_city,
          tomb_entry_shell_bobbens
Tomb:1
Depths:1: layout_gridville, abyss_entry, nicolae_hell_entry_hellmouth_sunbeams,
          minmay_fountain_box, nicolae_dithmenos_through_a_glass_darkly
Depths:2: wad_cavern_with_rooms, layout_basic, hell_entry,
          grunt_pan_entry_zigzag, minmay_staircase_statues, grunt_tough_drop
Depths:3: kennysheep_gozag_temple, layout_cave_pools, enter_ziggurat_c,
          hangedman_geh_valley, abyss_entry, rand_demon_pan_entry_8
Depths:4: grunt_zot_entry_hairpin, layout_cave_pools, dk_noncrumbling_4,
          hell_entry
Zot:1:    layout_basic
Zot:2:    layout_basic
Zot:3:    lemuel_halls_of_wrath, layout_gridlike, skrybe_zot_glass_1
Zot:4:    gammafunk_its_a_trap, layout_twisted_circle, grunt_ministairs_14,
          st_stairs_12, st_small_dragon_hoard_2, uniq_grunn, uniq_josephina
Zot:5:    layout_gridlike, grunt_megastairs_5

Skill      XL: |  1  2  3  4  5  6  7  8  9 10 11 12 13 14 15 16 17 18 19 20 21 22 23 24 25 26 27 |
---------------+----------------------------------------------------------------------------------+-----
Spellcasting   | 3 4 5 6 7 8 9 10 12 13 14 15 17 18 20 | 20.0
Summonings     | 5 6 8 10 11 12 13 14 15 16 17 18 19 22 23 25 | 25.3
Hexes          | 1 3 5 6 7 8 11 12 13 16 | 16.0
Dodging        | 3 5 7 9 11 12 13 15 17 18 19 20 21 | 21.0
Fighting       | 1 3 5 6 8 9 10 11 12 13 14 15 16 18 20 21 | 21.0
Air Magic      | 5 |  5.0
Translocations | 9 10 12 15 | 15.0
Fire Magic     | 1 4 |  4.0
Shapeshifting  | 7 13 16 17 20 23 | 23.0
Unarmed Combat | 4 8 10 15 | 15.0
Stealth        | |  2.8

Action                     |  1- 3 |  4- 6 |  7- 9 | 10-12 | 13-15 | 16-18 | 19-21 | 22-24 | 25-27 || total
---------------------------+-------+-------+-------+-------+-------+-------+-------+-------+-------++-------
  Melee: Unarmed           |     3 |     6 |    23 |    36 |    37 |   244 |   382 |   844 |  1169 ||  2744
         Bite              |     1 |       |     4 |     6 |     8 |    34 |    52 |       |       ||   105
         Punch             |       |       |       |     2 |       |     3 |     8 |    24 |   165 ||   202
         Tailslap          |       |       |       |       |       |    56 |    75 |       |       ||   131
   Cast: Summon Small Mamm |    56 |    39 |    23 |     7 |       |    19 |       |       |       ||   144
         Call Canine Famil |     2 |    36 |    79 |    89 |   175 |    47 |       |       |       ||   428
         Summon Guardian G |       |     4 |    43 |    45 |   110 |     7 |       |       |       ||   209
         Summon Lightning  |       |       |     9 |    88 |   229 |   158 |    52 |     3 |       ||   539
         Summon Forest     |       |       |       |     1 |    34 |    53 |    29 |    14 |    11 ||   142
         Inner Flame       |       |       |       |       |    22 |    14 |       |       |       ||    36
         Summon Cactus Gia |       |       |       |       |       |   175 |   218 |    91 |     1 ||   485
         Summon Hydra      |       |       |       |       |       |   151 |   305 |   111 |       ||   567
         Summon Horrible T |       |       |       |       |       |       |       |    80 |   291 ||   371
         Malign Gateway    |       |       |       |       |       |       |       |       |    32 ||    32
         Enfeeble          |       |       |       |       |       |       |       |       |     1 ||     1
 Invoke: Call Merchant     |       |       |       |     2 |     1 |     1 |       |     4 |       ||     8
         Potion Petition   |       |       |       |       |       |     1 |       |       |       ||     1
Ability: Breathe Fire      |       |       |       |       |       |    12 |     1 |       |       ||    13
         Blinkbolt         |       |       |       |       |       |       |     4 |     6 |     3 ||    13
  Evoke: Wand              |       |       |       |       |     1 |     2 |       |       |     1 ||     4
    Use: Scroll            |       |       |     4 |     3 |    17 |    12 |    12 |     1 |     5 ||    54
         Potion            |       |       |       |     1 |     4 |     1 |     3 |     1 |     3 ||    13
   Stab: Distracted        |       |       |       |       |     3 |     9 |    10 |    26 |    55 ||   103
         Sleeping          |       |       |       |       |       |     1 |       |     4 |     1 ||     6
         Confused          |       |       |       |       |       |       |       |       |     1 ||     1
 Armour: Skin              |     3 |     9 |    23 |    61 |    93 |   654 |   543 |   288 |   443 ||  2117
  Dodge: Dodged            |    11 |    28 |    55 |   181 |   229 |   575 |   740 |  2004 |  2489 ||  6312
   Form: Beast             |     1 |       |       |       |       |       |       |       |       ||     1
         Dragon            |       |       |       |       |       |     1 |       |       |       ||     1
         Storm             |       |       |       |       |       |       |     1 |       |       ||     1

Table legend: (Time is in decaauts)
 A = Elapsed time spent in this place.
 B = Non-inter-level travel time spent in this place.
 C = Inter-level travel time spent in this place.
 D = Time resting spent in this place.
 E = Time spent auto-exploring this place.
 F = Levels seen in this place.
 G = Mean time per level.
                   A        B        C        D        E       F      G
               +--------+--------+--------+--------+--------+-----+--------+
         Total | 105655 |  97920 |   7735 |  44572 |  29427 |  57 | 1853.6 |
       Dungeon |  27768 |  24834 |   2934 |   9486 |   9854 |  15 | 1851.2 |
        Temple |     28 |     28 |      0 |      0 |      0 |   1 |   28.0 |
          Lair |   9215 |   8195 |   1020 |   3042 |   2964 |   5 | 1843.0 |
         Swamp |   7773 |   7594 |    179 |   4593 |   1423 |   4 | 1943.2 |
   Spider Nest |   8693 |   8387 |    306 |   5046 |   1623 |   4 | 2173.2 |
    Slime Pits |    428 |    377 |     51 |      0 |    283 |   5 |   85.6 |
  Orcish Mines |   3443 |   3094 |    349 |   1584 |    907 |   2 | 1721.5 |
   Elven Halls |  14924 |  14292 |    632 |   8383 |   3132 |   3 | 4974.7 |
        Vaults |  15330 |  14116 |   1214 |   6661 |   4214 |   5 | 3066.0 |
         Crypt |   5405 |   5086 |    319 |   2218 |   1203 |   3 | 1801.7 |
          Tomb |    403 |    391 |     12 |     70 |      0 |   1 |  403.0 |
        Depths |   5557 |   5229 |    328 |   1717 |   1863 |   4 | 1389.2 |
           Zot |   6682 |   6295 |    387 |   1772 |   1960 |   5 | 1336.4 |
               +--------+--------+--------+--------+--------+-----+--------+

Top non-repeatable levels by time:
   Elf:2: 6515 daAuts
   Elf:3: 4801 daAuts
Vaults:3: 4064 daAuts
Vaults:1: 4024 daAuts
    D:15: 3776 daAuts
Vaults:4: 3770 daAuts
    D:13: 3675 daAuts
   Elf:1: 3607 daAuts
Spider:2: 2716 daAuts
    D:12: 2708 daAuts
 Swamp:4: 2707 daAuts
    D:10: 2557 daAuts
Spider:1: 2513 daAuts
  Lair:2: 2491 daAuts
  Lair:1: 2295 daAuts
